Map: Twilight Fortress

Players

sugubatul

  • Race: Zerg Zerg
  • Spawn Location: 7:00

Theseues - Winner!

  • Race: Terran Terran
  • Spawn Location: 1:00

VOD

Have the link to the VOD?

Description

Time

  • Played on: July 6, 2024, 11 a.m.
  • Length: 18:52
Show
View Real Time Build Order
Export as new Build Order

sugubatul Zerg 

Build Orders: Hatch First, Zergling Baneling 

Get SALT Encoding   

  12  0:00  Drone  
  13  0:08  Drone  
  14  0:17  Overlord  
  14  0:48  Drone  
  14  0:49  Hatchery  
  14  1:06  Spawning Pool  
  14  1:07  Drone  
  14  1:12  Drone  
  14  1:17  Drone  
  16  1:23  Extractor  
  16  1:24  Drone  
  16  1:29  Drone  
  17  1:40  Overlord  
  17  1:56  Zergling x2  
  18  2:01  Queen  
  18  2:02  Drone  
  18  2:04  Drone  
  22  2:12  Drone  
  23  2:20  Drone  
  24  2:23  Drone  
  24  2:24  Queen  
  24  2:29  Extractor  
  26  2:34  Baneling Nest  
  26  2:35  Drone  
  26  2:37  Drone  
  27  2:46  Drone  
  27  3:09  Zergling x4  
  29  3:18  Drone  
  29  3:19  Drone x2  
  32  3:20  Drone x2  
  32  3:21  Drone x2  
  36  3:27  Overlord  
  36  3:32  Baneling x3  
  36  3:33  Baneling  
  36  3:52  Drone x3  
  36  3:53  Drone x2  
  41  3:55  Overlord  
  41  3:56  Zergling x4  
  43  4:10  Zergling x2  
  43  4:11  Overlord x2  
  43  4:12  Hatchery  
  43  4:18  Lair  
  43  4:21  Baneling x2  
  43  4:22  Baneling x2  
  43  4:26  Drone  
  44  4:37  Drone  
  44  4:38  Drone x4  
  47  4:39  Drone  
  47  4:41  Extractor  
  47  4:42  Extractor  
  47  4:45  Zergling x2, Drone  
  50  4:59  Zergling x8  
  54  5:13  Zergling x2  
  55  5:22  Spire  
  55  5:23  Drone  
  55  5:26  Baneling  
  55  5:27  Baneling x11  
  55  5:30  Drone x2  
  55  5:31  Drone  
  58  5:37  Drone x2  
  58  5:40  Zergling x6  
  58  5:41  Zergling x2  
  64  5:48  Queen  
  64  5:49  Drone x3  
  69  5:51  Zergling x2  
  70  6:01  Metabolic Boost  
  70  6:03  Zergling x2  
  73  6:04  Zergling x4  
  73  6:09  Zergling x2  
  73  6:11  Overlord x3  
  74  6:23  Infestation Pit  
  73  6:31  Drone x3  
  76  6:45  Zergling x2  
  76  6:46  Zergling x10  
  82  6:50  Mutalisk  
  82  6:51  Mutalisk x5  
  94  7:01  Hatchery, Drone x3  
  96  7:02  Hatchery  
  95  7:09  Drone x3  
  98  7:27  Baneling  
  98  7:28  Baneling x19  
  98  7:40  Overlord  
  98  7:41  Overlord  
  98  7:42  Overlord x3  
  98  7:53  Drone, Extractor  
  98  7:55  Drone, Extractor  
  98  8:06  Mutalisk  
  98  8:07  Mutalisk x3  
  98  8:09  Zergling x10  
  111  8:22  Queen x2  
  111  8:25  Drone x6  
  111  8:26  Drone  
  122  8:36  Zergling x6  
  122  8:37  Zergling x2  
  122  8:38  Zergling x4  
  122  8:39  Zergling x6  
  131  8:41  Hive  
  131  8:51  Mutalisk  
  133  9:10  Mutalisk x2  
  133  9:11  Mutalisk x3  
  133  9:13  Zergling x2  
  133  9:14  Zergling x12  
  133  9:15  Overlord  
  133  9:16  Overlord x3  
  79  10:24  Mutalisk x8  
  89  10:32  Mutalisk  
  89  10:33  Mutalisk x3  
  89  10:34  Overlord x2  
  97  10:35  Zergling x2  
  97  10:36  Zergling x12  
  97  10:41  Mutalisk x3  
  110  10:49  Zergling x4  
  112  10:56  Ultralisk Cavern  
  111  10:59  Zergling x6  
  111  11:00  Zergling x8  
  111  11:01  Zergling x2  
  119  11:08  Zergling x2  
  119  11:10  Zergling x6  
  123  11:12  Zergling x6  
  123  11:18  Zergling x6  
  129  11:36  Zergling x2  
  129  11:37  Zergling x6  
  129  11:38  Zergling x18  
  129  11:39  Overlord  
  142  11:40  Zergling x2, Overlord  
  142  11:41  Zergling x4  
  145  11:51  Hatchery  
  144  12:02  Ultralisk x3  
  144  12:03  Ultralisk  
  144  12:04  Ultralisk  
  144  12:05  Zergling x2  
  144  12:06  Zergling x4  
  177  12:08  Baneling  
  177  12:09  Baneling  
  177  12:10  Baneling x11  
  177  12:11  Baneling  
  177  12:28  Zergling x2  
  177  12:29  Zergling x14  
  185  12:49  Zergling x2  
  186  13:05  Queen  
  186  13:07  Drone  
  189  13:16  Baneling x2  
  189  13:17  Baneling x21  
  189  13:18  Baneling x20  
  189  13:30  Hatchery  
  189  13:34  Hatchery  
  88  14:15  Drone x2  
  88  14:16  Drone  
  73  14:18  Zergling x2  
  73  14:19  Zergling x10  
  73  14:20  Zergling x2  
  73  14:21  Zergling x16  
  73  14:23  Mutalisk  
  73  14:24  Mutalisk x9  
  90  14:26  Zergling x2  
  100  14:43  Zergling x4  
  100  14:45  Zergling x4  
  70  15:25  Zergling x2  
  70  15:26  Zergling x16  
  70  15:27  Zergling x30  
  70  15:28  Zergling x8  
  94  15:30  Ultralisk x3  
  94  15:33  Ultralisk  
  94  15:34  Zergling x2  
  94  15:35  Zergling x2  
  88  16:27  Ultralisk x5  
  91  16:42  Ultralisk  
  91  16:43  Zergling x4  
  61  17:27  Swarm Host  
  61  17:28  Swarm Host x5  
  73  17:32  Zergling x6  
Show
View Real Time Build Order
Export as new Build Order

Theseues Terran - Winner!

Build Orders:  

Get SALT Encoding   

  12  0:00  SCV  
  13  0:12  SCV  
  14  0:18  Supply Depot  
  14  0:25  SCV  
  15  0:40  SCV  
  16  0:44  Barracks  
  16  0:52  SCV  
  16  0:56  Refinery  
  17  1:04  SCV  
  18  1:16  SCV  
  19  1:28  SCV  
  19  1:30  Barracks  
  20  1:33  Bunker  
  20  1:37  Barracks Tech Lab  
  20  1:40  SCV  
  21  1:53  SCV  
  22  1:56  Marine  
  23  2:07  Supply Depot  
  23  2:17  Refinery  
  23  2:25  Factory  
  23  2:28  Marine  
  23  2:29  SCV  
  25  2:34  Barracks Reactor  
  26  2:45  Orbital Command  
  26  2:47  Marauder  
  27  3:13  Stimpack  
  27  3:14  Command Center  
  27  3:15  Marauder, Marine  
  27  3:16  Marine  
  31  3:29  Factory Tech Lab  
  31  3:45  Supply Depot  
  31  4:03  Bunker  
  31  4:07  SCV, Marine x2  
  31  4:08  Supply Depot  
  34  4:15  Marauder  
  34  4:16  Siege Tank  
  39  4:25  SCV, Marine  
  39  4:28  SCV  
  39  4:30  Supply Depot  
  42  4:38  SCV  
  43  4:40  Orbital Command  
  43  4:48  Siege Tank  
  46  4:54  SCV  
  47  5:06  SCV  
  48  5:09  Starport  
  48  5:14  Supply Depot  
  48  5:18  SCV  
  48  5:19  SCV  
  48  5:20  Siege Tank  
  53  5:29  Marine  
  53  5:30  SCV, Marauder, Marine  
  53  5:31  SCV  
  59  5:49  Armory, Engineering Bay  
  59  5:52  Marauder  
  59  5:53  Widow Mine  
  63  6:01  SCV x2  
  63  6:04  Marine x2  
  67  6:13  SCV, Marauder  
  67  6:14  Widow Mine  
  72  6:21  Marine  
  72  6:22  Marine  
  72  6:23  Concussive Shells  
  72  6:24  Sensor Tower  
  74  6:34  Marine  
  74  6:35  Widow Mine  
  74  6:38  Command Center  
  74  6:39  Marine  
  77  6:43  Missile Turret  
  78  6:56  Supply Depot  
  78  7:06  Combat Shield  
  78  7:09  Supply Depot  
  78  7:17  Siege Tank, SCV x2, Marine x3  
  78  7:18  Supply Depot  
  78  7:22  Starport Reactor  
  86  7:24  Sensor Tower  
  86  7:26  Drilling Claws  
  86  7:30  SCV x2  
  86  7:32  Supply Depot  
  86  7:34  Refinery  
  86  7:36  Refinery  
  88  7:42  SCV  
  89  7:50  Orbital Command, Widow Mine  
  91  7:52  SCV  
  91  7:55  SCV  
  93  8:04  SCV  
  94  8:07  SCV  
  94  8:11  Widow Mine  
  97  8:16  SCV  
  97  8:19  SCV  
  99  8:22  Refinery x2  
  99  8:29  SCV  
  99  8:31  SCV  
  99  8:32  Widow Mine  
  103  8:35  Barracks  
  103  8:36  Command Center  
  103  8:37  Barracks x2  
  103  8:38  Barracks x2  
  103  8:39  Barracks  
  103  8:41  SCV  
  104  8:43  SCV  
  104  8:46  Command Center  
  104  8:47  Viking x2  
  109  8:54  Widow Mine  
  111  9:15  Siege Tank  
  114  9:17  Medivac  
  114  9:18  Medivac  
  118  9:25  Terran Infantry Weapons Level 1  
  118  9:31  Barracks Tech Lab x2  
  118  9:32  Marine  
  118  9:33  Marine x6  
  125  9:47  Medivac x2  
  125  9:48  Siege Tank  
  125  9:50  Marine  
  125  9:51  Marine x6  
  134  10:08  Marine  
  134  10:09  Marine x3  
  100  10:26  Barracks Tech Lab, Barracks Reactor  
  100  10:28  Barracks Tech Lab, Barracks Reactor  
  100  10:31  Marine x3  
  100  10:32  Marine x2  
  105  10:38  Orbital Command  
  105  10:49  Marine x3  
  108  10:50  Marauder x2  
  108  10:57  Terran Vehicle Weapons Level 1  
  112  11:02  Marine  
  112  11:03  Marauder, Marine  
  112  11:04  Marauder, Marine x2  
  118  11:07  Marine x2  
  118  11:08  Marauder  
  128  11:11  Marauder x2  
  128  11:12  Supply Depot  
  128  11:14  Supply Depot  
  128  11:15  Supply Depot x2  
  128  11:19  Supply Depot, Terran Infantry Armor Level 1  
  128  11:20  Marine  
  128  11:21  Marine  
  128  11:22  Supply Depot, Marine x2  
  128  11:24  Marine x3  
  128  11:25  Marine  
  136  11:28  Marine  
  136  11:31  Siege Tank  
  136  11:32  Marine x2  
  142  11:38  Marine x2  
  142  11:39  Marine  
  144  11:40  Marine  
  144  11:42  Marine x3  
  144  11:43  Marine  
  150  11:55  SCV x3  
  154  12:02  Orbital Command  
  154  12:03  Siege Tank  
  154  12:07  SCV x3  
  159  12:12  SCV  
  160  12:19  SCV  
  160  12:20  SCV x2  
  163  12:24  SCV  
  163  12:29  SCV  
  165  12:31  SCV  
  165  12:32  SCV x2  
  165  12:33  Marine x2  
  165  12:34  Marine x9  
  165  12:36  Widow Mine, SCV  
  182  12:41  SCV  
  182  12:43  SCV  
  182  12:44  SCV x2  
  186  12:45  Medivac x2  
  186  12:48  SCV  
  186  12:51  Terran Vehicle And Ship Armor Level 1, Marine x6  
  191  12:52  Refinery, Marauder, Marine  
  191  12:53  Refinery  
  200  13:13  Neosteel Armor  
  116  14:18  Marine  
  116  14:19  Marine x10  
  116  14:22  Medivac x2  
  131  14:36  Marine x5  
  131  14:37  Marauder x5  
  146  14:41  Siege Tank  
  149  14:52  Medivac  
  151  14:53  Terran Infantry Weapons Level 2  
  151  14:58  Marauder x3  
  151  14:59  Marauder x2  
  150  15:13  Siege Tank  
  131  15:46  Siege Tank  
  134  15:58  Factory  
  134  16:01  Marine x6  
  134  16:02  Marine x5  
  145  16:04  SCV  
  145  16:05  SCV x4  
  150  16:16  SCV  
  150  16:17  SCV x4  
  150  16:18  Siege Tank  
  158  16:19  Marine x2  
  158  16:24  Medivac x2  
  164  16:28  SCV  
  164  16:29  SCV  
  161  16:50  Siege Tank  
  161  16:54  Viking x2  
  166  17:01  Marine x11  
  177  17:18  Marine  
  177  17:19  Marine x10  
  188  17:24  Viking x2  
  191  17:36  Marine  
  192  17:37  Marine x8  
  192  17:44  Factory Reactor  
Tags
 
Add a new tag
Caveats
  • Supply blocks, unpowered buildings, or Contaminate may cause inaccurate times.
  • Supply counts are checked every 10 seconds.